 Dungeon Crawl Stone Soup version 0.22.1-6-g1668fe2c40 (webtiles) character file.

9303 Flure the Cruncher (level 11, -1/72 HPs)
             Began as a Tengu Gladiator on Jan 17, 2019.
             Was a Priest of Kikubaaqudgha.
             Killed by divine providence
             ... invoked by an orc priest
              (14 damage)
             ... on level 10 of the Dungeon.
             The game lasted 00:28:22 (10667 turns).

Flure the Cruncher (Tengu Gladiator)               Turns: 10667, Time: 00:28:23

Health: -1/72      AC:  8    Str: 19    XL:     11   Next: 44%
Magic:  11/17      EV: 17    Int:  9    God:    Kikubaaqudgha [***...]
Gold:   310        SH:  0    Dex: 17    Spells: 4/17 levels left

rFire    . . .     SeeInvis .   g - +0 quarterstaff (freeze)
rCold    . . .     Gourm    .   (shield currently unavailable)
rNeg     . . .     Faith    .   A - +0 troll leather armour
rPois    .         Spirit   .   c - +0 hat
rElec    .         Reflect  .   C - +0 cloak
rCorr    .         Harm     .   j - +2 pair of gloves {Str+3}
MR       .....                  (boots unavailable)
Stlth    ++........             F - amulet of rage
HPRegen  0.62/turn              (no ring)
MPRegen  0.15/turn              (no ring)

@: very slightly contaminated
A: beak, talons 3, able to fly 1
a: Fly, Receive Corpses, Renounce Religion, Evoke Berserk Rage


You were on level 10 of the Dungeon.
You worshipped Kikubaaqudgha.
Kikubaaqudgha was most pleased with you.
You were very hungry.

You visited 2 branches of the dungeon, and saw 11 of its levels.

You collected 604 gold pieces.
You spent 294 gold pieces at shops.

Inventory:

Hand Weapons
 g - a +0 quarterstaff of freezing (weapon)
 z - a +0 quarterstaff
Missiles
 d - 3 throwing nets
 q - 2 poisoned tomahawks (quivered)
 s - 160 arrows
 t - 50 poisoned needles
 D - 4 tomahawks
Armour
 c - a +0 hat (worn)
 j - a +2 pair of gloves of strength (worn)
 w - a +1 robe of positive energy
 A - a +0 troll leather armour (worn)
 C - a +0 cloak (worn)
 L - a +1 robe of cold resistance
Jewellery
 b - an uncursed ring of ice
 B - an uncursed amulet of the acrobat
 F - an amulet of rage (around neck)
 I - an uncursed amulet of regeneration
Wands
 a - a wand of digging (13)
 E - a wand of paralysis (13)
 H - a wand of flame (56)
Scrolls
 h - 2 scrolls of acquirement
 i - 7 scrolls of teleportation
 k - a scroll of magic mapping {unknown}
 m - a scroll of fog {unknown}
 n - 2 scrolls of enchant weapon
 o - 3 scrolls of amnesia
 r - 4 scrolls of remove curse
 y - 2 scrolls of identify
 G - 4 scrolls of immolation
 K - a scroll of fear {unknown}
Potions
 e - 4 potions of haste
 l - 4 potions of brilliance
 p - a potion of heal wounds
 u - a potion of mutation {unknown}
 v - a potion of flight {unknown}
 x - a potion of resistance {unknown}
 J - a potion of agility {unknown}
Comestibles
 f - 17 rations


   Skills:
 * Level 10.2 Fighting
 + Level 12.4 Staves
 + Level 2.9 Throwing
 + Level 7.3 Dodging
 - Level 1.4 Stealth
 + Level 3.7 Spellcasting
 + Level 4.4 Necromancy
 + Level 1.4 Evocations


You had 4 spell levels left.
You knew the following spells:

 Your Spells              Type           Power        Failure   Level  Hunger
a - Pain                  Necr           #...         5%          1    #......
b - Corpse Rot            Necr           N/A          9%          2    ###....
c - Regeneration          Chrm/Necr      #.........   36%         3    ###....
d - Vampiric Draining     Necr           #.........   16%         3    ###....
e - Animate Dead          Necr           N/A          47%         4    #####..

Your spell library contained the following spells:

 Spells                   Type           Power        Failure   Level  Hunger
 Animate Skeleton         Necr           N/A          5%          1    #......
 Sublimation of Blood     Necr           #.........   9%          2    ###....
 Flame Tongue             Conj/Fire      #....        32%         1    #......
 Agony                    Necr           #.......     83%         5    ######.
 Dispel Undead            Necr           #.......     83%         5    ######.
 Excruciating Wounds      Chrm/Necr      #.........   98%         5    ######.
 Death Channel            Necr           #.........   100%        6    #######
 Simulacrum               Ice/Necr       #.........   100%        6    #######


Dungeon Overview and Level Annotations

Branches:
Dungeon (10/15)            Temple (1/1) D:7            Lair (0/6) D:9
    Orc: D:9-12

Altars:
Ashenzari
Cheibriados
Dithmenos
Elyvilon
Fedhas
Gozag
Hepliaklqana
Kikubaaqudgha
Makhleb
Nemelex Xobeh
Okawaru
Qazlal
Ru
Sif Muna
Trog
Uskayaw
Vehumet
Wu Jian
Xom
Yredelemnul
Zin
The Shining One

Shops:
D:7 [


Innate Abilities, Weirdness & Mutations

You have a beak for a mouth.
You have claws for feet.
You can fly.


Message History

Casting: Pain (safe; 5% risk of failure)
Confirm with . or Enter, or press ? or * to list all spells.
Aiming: Pain (safe; 5% risk of failure)
Press: ? - help, Shift-Dir - straight line, f/p - orc priest
Aim: an orc priest, wielding a mace, wearing a chain mail and carrying a wand The orc priest writhes in agony!
The orc priest miscasts a cantrip.
Casting: Pain (safe; 5% risk of failure)
Confirm with . or Enter, or press ? or * to list all spells.
Aiming: Pain (safe; 5% risk of failure)
Press: ? - help, Shift-Dir - straight line, f/p - orc priest
Aim: an orc priest, wielding a mace, wearing a chain mail and carrying a wand The orc priest writhes in agony!
The orc priest invokes the aid of Beogh against you.
Pain shoots through your body!
* * * LOW HITPOINT WARNING * * *
The orc priest calls down the wrath of Beogh upon you.
Beogh smites you!
You die...
Kikubaaqudgha rasps: "You have failed me!
Welcome... death!"

##### .... o.. #.. . .
#####). ....
.......########.....
......o)).))........
##########@.........
#..##########
########............
....................
#...
....................
#..
#########...........
#..
############...........
#..
........)).............
#.#
############...........
.


You could see an orc priest.

Vanquished Creatures
  Harold (D:7)
  Fannar (D:10)
  An unseen horror (D:6)
  A gargoyle (D:10)
  2 trolls (D:10)
  Sigmund (D:6)
  11 yaks (D:9)
  A hungry ghost (D:8)
  3 wargs
  3 sky beasts
  3 orc warriors
  3 ice beasts
  8 ogres
  2 phantoms
  4 centaurs
  A big kobold (D:7)
  3 bullfrogs
  A scorpion (D:8)
  A wyvern skeleton (D:9)
  5 killer bees (D:10)
  9 wights
  2 howler monkeys
  2 bullfrog zombies
  2 crimson imps
  2 jellies
  A hound (D:4)
  A quasit (D:6)
  11 orc wizards
  2 bullfrog skeletons
  A centaur skeleton (D:10)
  10 orc priests
  2 iguanas
  7 worker ants
  A hound zombie (D:6)
  A worker ant zombie (D:9)
  A howler monkey zombie (D:10)
  10 adders
  5 shadow imps
  5 oozes
  3 worms
  A dart slug (D:1)
  5 leopard geckos
  41 orcs
  6 bats
  3 giant cockroaches
  4 goblins
  6 hobgoblins
  2 jackals (D:4)
  3 quokkas
  A ball python (D:4)
  6 frilled lizards
  11 kobolds
  A leopard gecko skeleton (D:5)
  6 rats
230 creatures vanquished.

Vanquished Creatures (others)
  An orc wizard (D:10)
  An orc (D:10)
2 creatures vanquished.

Grand Total: 232 creatures vanquished

Notes
Turn   | Place    | Note
-------+----------+-------------------------------------------
     0 | D:1      | Flure the Tengu Gladiator began the quest for the Orb.
     0 | D:1      | Reached XP level 1. HP: 12/12 MP: 2/2
    30 | D:1      | Reached XP level 2. HP: 15/17 MP: 3/3
   327 | D:1      | Reached XP level 3. HP: 14/21 MP: 4/4
   607 | D:2      | Reached skill level 4 in Staves
  1110 | D:2      | Found a glowing silver altar of Zin.
  1110 | D:2      | Found an opulent altar of Gozag.
  1364 | D:3      | Reached XP level 4. HP: 25/26 MP: 5/5
  1825 | D:3      | Reached skill level 5 in Staves
  1825 | D:3      | Gained mutation: You can fly. [Tengu growth]
  1825 | D:3      | Reached XP level 5. HP: 29/31 MP: 6/6
  2344 | D:4      | Found a hide-covered altar of Uskayaw.
  2360 | D:4      | Reached skill level 6 in Staves
  2402 | D:4      | Reached XP level 6. HP: 26/36 MP: 7/7
  3147 | D:5      | Entered Level 5 of the Dungeon
  3352 | D:5      | Reached skill level 7 in Staves
  3352 | D:5      | Reached XP level 7. HP: 21/41 MP: 8/8
  3856 | D:5      | Reached skill level 5 in Dodging
  4503 | D:6      | Noticed Sigmund
  4511 | D:6      | Killed Sigmund
  4511 | D:6      | Reached skill level 8 in Staves
  4511 | D:6      | Reached XP level 8. HP: 48/48 MP: 9/9
  4517 | D:6      | Reached skill level 5 in Fighting
  4917 | D:6      | HP: 2/50 [something (7)]
  5225 | D:6      | Found a bloodstained altar of Trog.
  5521 | D:6      | Reached skill level 9 in Staves
  5741 | D:6      | Reached skill level 1 in Stealth
  5837 | D:6      | Killed an unseen horror
  5837 | D:6      | Reached XP level 9. HP: 56/56 MP: 10/10
  6247 | D:7      | Found Asomp's Armour Shop.
  6253 | D:7      | Bought a +1 pair of gloves of strength for 231 gold pieces
  6253 | D:7      | Bought a +0 cloak for 63 gold pieces
  6277 | D:7      | Found a hazy altar of Hepliaklqana.
  6278 | D:7      | Found a snail-covered altar of Cheibriados.
  6279 | D:7      | Found a blossoming altar of Fedhas.
  6280 | D:7      | Found an ancient bone altar of Kikubaaqudgha.
  6281 | D:7      | Found an ornate altar of the Wu Jian Council.
  6305 | D:7      | Found a staircase to the Ecumenical Temple.
  6316 | Temple   | Entered the Ecumenical Temple
  6417 | D:7      | Became a worshipper of Kikubaaqudgha
  6573 | D:7      | Noticed Harold
  6592 | D:7      | Killed Harold
  6592 | D:7      | Reached skill level 10 in Staves
  6780 | D:7      | Reached skill level 1 in Evocations
  6780 | D:7      | Reached XP level 10. HP: 40/64 MP: 11/11
  7047 | D:8      | Found a deep blue altar of Sif Muna.
  7074 | D:8      | Identified Sif Muna's Guide on Heat
  7178 | D:8      | Reached skill level 11 in Staves
  7263 | D:8      | Learned a level 1 spell: Pain
  7373 | D:8      | Reached * piety under Kikubaaqudgha
  7373 | D:8      | Identified Kikubaaqudgha's Catalogue of Dark Rituals
                  | (Kikubaaqudgha gifted it to you on level 8 of the Dungeon)
  7373 | D:8      | Received a gift from Kikubaaqudgha
  7601 | D:8      | Found a bloodstained altar of Trog.
  7602 | D:8      | Found an iron altar of Okawaru.
  7869 | D:9      | Found a staircase to the Lair.
  7880 | D:8      | Reached skill level 1 in Necromancy
  7884 | D:8      | Reached skill level 1 in Spellcasting
  8142 | D:8      | Paralysed by an orc wizard for 7 turns
  8702 | D:9      | Reached XP level 11. HP: 59/71 MP: 14/16
  8707 | D:9      | Learned a level 2 spell: Corpse Rot
  8717 | D:9      | Found a burning altar of Makhleb.
  8717 | D:9      | Noticed an Executioner
  8772 | D:9      | Reached ** piety under Kikubaaqudgha
  8772 | D:9      | Reached skill level 12 in Staves
  9240 | D:10     | Entered Level 10 of the Dungeon
 10246 | D:10     | Noticed Fannar
 10369 | D:10     | Killed Fannar
 10369 | D:10     | Reached skill level 10 in Fighting
 10422 | D:10     | Identified 2 scrolls of acquirement
 10451 | D:10     | Learned a level 3 spell: Regeneration
 10455 | D:10     | Learned a level 3 spell: Vampiric Draining
 10460 | D:10     | Learned a level 4 spell: Animate Dead
 10587 | D:10     | Reached *** piety under Kikubaaqudgha
 10587 | D:10     | Identified Kikubaaqudgha's Incunabulum of Sinister Magic
                  | (Kikubaaqudgha gifted it to you on level 10 of the Dungeon)
 10587 | D:10     | Received a gift from Kikubaaqudgha
 10667 | D:10     | Killed from afar by an orc priest

Skill      XL: |  1  2  3  4  5  6  7  8  9 10 11 |
---------------+----------------------------------+-----
Dodging        | 4 5 6 7 |  7.3
Staves         | 4 5 6 7 8 9 10 11 12 | 12.4
Fighting       | 3 4 6 8 9 10 | 10.2
Stealth        | 1 |  1.4
Evocations     | 1 |  1.4
Necromancy     | 3 4 |  4.4
Spellcasting   | 3 |  3.7
Throwing       | |  2.9

Action                   |  1- 3 |  4- 6 |  7- 9 | 10-12 || total
-------------------------+-------+-------+-------+-------++-------
Melee: Quarterstaff      |    60 |   153 |   201 |   365 ||   779
       Kick              |    15 |    34 |    79 |   134 ||   262
       Peck              |     8 |    18 |    43 |    96 ||   165
Throw: Throwing net      |       |     1 |     1 |       ||     2
       Tomahawk          |       |     3 |     9 |       ||    12
 Cast: Pain              |       |       |       |    46 ||    46
       Corpse Rot        |       |       |       |     5 ||     5
 Abil: Fly               |       |       |       |     1 ||     1
       Evoke Berserk Rag |       |       |       |     1 ||     1
Evoke: Wand              |       |       |     3 |     9 ||    12
  Use: Scroll            |       |     4 |     3 |     6 ||    13
       Potion            |       |     2 |     1 |     4 ||     7
 Stab: Paralysed         |       |       |     3 |       ||     3
       Sleeping          |       |       |       |     1 ||     1
  Eat: Chunk             |     1 |     6 |     3 |    10 ||    20
       Ration            |       |       |     2 |     2 ||     4
Armor: Leather armour    |     5 |       |       |       ||     5
       Ring mail         |    13 |    26 |    37 |    22 ||    98
       Skin              |       |    17 |       |       ||    17
       Robe              |       |       |       |    11 ||    11
       Troll leather arm |       |       |       |     2 ||     2
Dodge: Dodged            |    41 |    79 |   155 |   272 ||   547
